 Dungeon Crawl Stone Soup version 0.31-a0-691-g409c26aa35 (webtiles) character file.

Game seed: 16946191752463314834

91 qw the Shooter (level 4, -2/28 HPs)
             Began as a Gargoyle Hunter on Sept 6, 2023.
             Slain by an ice beast (7 damage)
             ... on level 3 of the Dungeon.
             The game lasted 00:00:40 (1938 turns).

qw the Shooter (Gargoyle Hunter)                    Turns: 1938, Time: 00:00:41

Health: -2/28      AC:  7    Str: 14    XL:     4   Next: 57%
Magic:  4/4        EV: 11    Int: 10    God:
Gold:   154        SH:  0    Dex: 15    Spells: 3/3 levels left

rFire   . . .        Y - +2 shortbow
rCold   . . .        (shield currently unavailable)
rNeg    + . .        c - +0 leather armour
rPois   inf          l - +0 helmet
rElec   +            (no cloak)
rCorr   .            (no gloves)
SInv    .            (no boots)
Will    .....        (no amulet)
Stlth   ++           (no ring)
HPRegen 0.24/turn    (no ring)
MPRegen 0.09/turn

%: no passive effects
@: no status effects
A: sickness immunity, AC +3, negative energy resistance 1, electricity
resistance, torment resistance 1, petrification resistance
a: no special abilities


You were on level 3 of the Dungeon.
You visited 1 branch of the dungeon, and saw 3 of its levels.

You collected 154 gold pieces.


Innate Abilities, Weirdness & Mutations

You are immune to sickness and miasma.
Your stone body is resilient. (AC +3)
You are immune to poison.
You resist negative energy. (rN+)
You are resistant to electric shocks. (rElec)
You are resistant to unholy torment.
You are immune to petrification.


   Skills:
 - Level 3.0 Fighting
 + Level 5.5 Ranged Weapons
 - Level 1.5 Dodging
 - Level 1.1 Stealth


You had 3 spell levels left.
You didn't know any spells.
Your spell library was empty.

Inventory:

Hand Weapons
 Y - a +2 shortbow (weapon)
Armour
 c - a +0 leather armour (worn)
 j - a +0 ring mail
 l - a +0 helmet (worn)
Jewellery
 d - a ring of wizardry
 m - an amulet of guardian spirit
Scrolls
 a - a scroll of identify
Potions
 b - a potion of lignification {unknown}
 e - a potion of degeneration {unknown}
 f - a potion of enlightenment {unknown}
 g - a potion of might {unknown}
 h - 2 potions of curing {unknown}
 i - a potion of heal wounds {unknown}
 k - a potion of invisibility {unknown}

Dungeon Overview and Level Annotations

Branches:
Dungeon (3/15)

Altars:
Nemelex Xobeh


Message History

You shoot an arrow. The arrow hits the orc.
You kill the orc!
An adder comes into view.
You shoot an arrow. The arrow hits the adder!
The adder is severely wounded.
You shoot an arrow. The arrow hits the adder!
You kill the adder!
You see here an adder corpse.
An ice beast comes into view.
Found the Hermit's Pendant {Faith Invo=14 Evo=0 MP+5}.
Found a faded altar of an unknown god.
You shoot an arrow. The arrow hits the ice beast!
The ice beast is moderately wounded.
You shoot an arrow.
The arrow hits the ice beast but does no damage.
The ice beast is moderately wounded.
You shoot an arrow. The arrow hits the ice beast.
The ice beast is moderately wounded.
The ice beast hits you but does no damage.
You shoot an arrow. The arrow barely misses the ice beast.
The ice beast hits you. The ice beast freezes you!
You shoot an arrow.
The arrow hits the ice beast but does no damage.
The ice beast is moderately wounded.
The ice beast closely misses you.
You shoot an arrow. The arrow hits the ice beast.
The ice beast is heavily wounded.
The ice beast hits you. The ice beast freezes you.
You shoot an arrow. The arrow closely misses the ice beast.
The ice beast barely misses you.
You shoot an arrow. The arrow closely misses the ice beast.
The ice beast closely misses you.
You shoot an arrow.
The arrow hits the ice beast but does no damage.
The ice beast is heavily wounded.
The ice beast closely misses you.
You shoot an arrow. The arrow hits the ice beast.
The ice beast is heavily wounded.
The ice beast hits you. The ice beast freezes you!
You die...

########## # .........# # ##
.###.....###..########### ##.
.###.######....8@#.#.##.#######.#
.....# #.._.Y#...#.........#..
>##### ####....8##.8.##.#8###..##
.#######.###..## ########## #.#.#
.........##### ######### #..#.
##########.# #...#...# #.#.#
##'## ###.#..## ##.## ##(..##
#.%..# ##.# ##### ##.....##
####.# #...


You could see an ice beast.

Vanquished Creatures
  2 adders (D:3)
  2 worms (D:3)
  3 dart slugs
  3 orcs (D:3)
  4 bats
  6 endoplasms
  A giant cockroach (D:2)
  7 goblins
  5 hobgoblins
  2 quokkas
  10 ball pythons
  2 frilled lizards (D:2)
  3 kobolds
  6 rats
56 creatures vanquished.

Notes
Turn   | Place    | Note
-------+----------+-------------------------------------------
     0 | D:1      | qw the Gargoyle Hunter began the quest for the Orb.
     0 | D:1      | Reached XP level 1. HP: 12/12 MP: 1/1
     0 | D:1      | 0 ||| qw: Version: 0.3-a-76-g4403597
     0 | D:1      | 0 ||| qw: Game counter: 247
     0 | D:1      | 0 ||| qw: Melee chars always use a shield: true
     0 | D:1      | 0 ||| qw: God list: Okawaru
     0 | D:1      | 0 ||| qw: Allow faded altars: false
     0 | D:1      | 0 ||| qw: Do Orc after clearing Dungeon:15 true
     0 | D:1      | 0 ||| qw: Do second Lair branch before Depths: true
     0 | D:1      | 0 ||| qw: Lair rune preference: random
     0 | D:1      | 0 ||| qw: Goals: Normal
     0 | D:1      | 0 ||| PLANNING D:1-11
   110 | D:1      | Reached XP level 2. HP: 17/17 MP: 2/2
   194 | D:1      | HP: 2/17 [quokka (4)]
   200 | D:1      | Reached XP level 3. HP: 4/21 MP: 3/3
   282 | D:1      | Reached skill level 5 in Ranged Weapons
   559 | D:1      | 559 ||| UPGRADING to +0 helmet.
   564 | D:1      | 564 ||| READING 2 scrolls labelled YQEAFE XEMAE.
   565 | D:1      | 565 ||| READING scroll labelled WIQYFAIMY JAWA.
   566 | D:1      | 566 ||| READING scroll labelled JEOTYCK MOSEI.
   567 | D:1      | 567 ||| DROPPING scroll of butterflies.
   751 | D:2      | 751 ||| READING scroll of enchant weapon.
   751 | D:2      | 751 ||| ENCHANTING +1 shortbow.
  1168 | D:2      | Reached skill level 3 in Fighting
  1179 | D:2      | 1179 ||| READING scroll labelled JAGIKA OTHRIY.
  1180 | D:2      | 1180 ||| READING scroll labelled DOCHE HY NANI.
  1181 | D:2      | 1181 ||| READING scroll labelled OLYFUPN OSETU.
  1182 | D:2      | 1182 ||| DRINKING 2 bubbling clear potions.
  1286 | D:2      | 1286 ||| DROPPING potion of berserk rage.
  1570 | D:3      | Reached XP level 4. HP: 28/28 MP: 4/4
  1705 | D:3      | Found a sparkling altar of Nemelex Xobeh.
  1781 | D:3      | Found a faded altar of an unknown god.
  1928 | D:3      | Found a faded altar of an unknown god.
  1928 | D:3      | Noticed an ice beast
  1928 | D:3      | Found the Hermit's Pendant {Faith Invo=14 Evo=0 MP+5}
  1938 | D:3      | HP: 5/28 [ice beast (4)]
  1938 | D:3      | Slain by an ice beast

Levels and vault maps discovered:
D:1:      heliophobic_arrival_dark_side_of_the_moon, layout_rooms
D:2:      layout_loops_ring
D:3:      layout_loops_corners, lemuel_round_altar,
          hellmonk_ecumenical_altar_run_dry, hellmonk_guarded_unrand_hermit

Skill      XL: |  1  2  3 |
---------------+----------+-----
Ranged Weapons | 5 |  5.5
Fighting       | 3 |  3.0
Dodging        | |  1.5
Stealth        | |  1.1

Action                     |  1- 3 |  4- 6 || total
---------------------------+-------+-------++-------
   Fire: Shortbow          |   117 |    33 ||   150
    Use: Scroll            |     7 |       ||     7
         Potion            |     1 |       ||     1
 Armour: Leather armour    |    33 |     4 ||    37
  Dodge: Dodged            |    46 |     4 ||    50

Table legend:
 A = Non-vault XP
 B = Vault XP
 C = Vault XP percentage of total XP
 D = Non-vault monster count
 E = Vault monster count
 F = Vault count percentage of total count
                 A         B        C        D         E       F
            +---------+---------+-------+---------+---------+-------
      Total |     130 |       0 |   0.0 |      56 |       0 |   0.0
            +---------+---------+-------+---------+---------+-------
        D:1 |      46 |       0 |   0.0 |      27 |       0 |   0.0
        D:2 |      26 |       0 |   0.0 |      15 |       0 |   0.0
        D:3 |      58 |       0 |   0.0 |      14 |       0 |   0.0
            +---------+---------+-------+---------+---------+-------
